 Dungeon Crawl Stone Soup version 0.27-a0-416-gca2cecf3c0 (webtiles) character file.

Game seed: 7091394442556116030

406 ReteAZ the Insei (level 6, 0/46 HPs)
             Began as a Demigod Transmuter on Feb 25, 2021.
             Slain by an ogre
             ... wielding a +0 giant club
              (15 damage)
             ... on level 4 of the Dungeon.
             The game lasted 00:03:59 (3185 turns).

ReteAZ the Insei (Demigod Transmuter)               Turns: 3185, Time: 00:04:00

Health: 0/46       AC:  3    Str: 15    XL:     6   Next: 30%
Magic:  11/11      EV: 12    Int: 15    God:
Gold:   148        SH:  0    Dex: 18    Spells: 8/9 levels left

rFire    . . .     SeeInvis .     - Unarmed
rCold    . . .     Faith    .   (no shield)
rNeg     + . .     Spirit   .   a - +0 robe
rPois    .         Reflect  .   (no helmet)
rElec    .         Harm     .   (no cloak)
rCorr    .         Rampage  .   (no gloves)
Will     .....                  m - +0 pair of boots
Stlth    ++........             (no amulet)
HPRegen  0.15/turn              h - ring of positive energy
MPRegen  0.12/turn              (no ring)

@: no status effects
A: high mp 1
a: no special abilities


You were on level 4 of the Dungeon.
You visited 1 branch of the dungeon, and saw 4 of its levels.

You collected 148 gold pieces.

Inventory:

Missiles
 j - 7 javelins
Armour
 a - a +0 robe (worn)
 m - a +0 pair of boots (worn)
Jewellery
 h - a ring of positive energy (left hand)
Scrolls
 c - a scroll of enchant weapon {unknown}
 e - 3 scrolls of identify {unknown}
 f - 2 scrolls of teleportation {unknown}
 g - a scroll of magic mapping {unknown}
 k - a scroll of amnesia {unknown}
Potions
 b - 2 potions of curing
 d - 2 potions of attraction {unknown}
 i - 2 potions of heal wounds {unknown}
 l - a potion of mutation {unknown}


   Skills:
 - Level 0.8 Fighting
 - Level 1.7 Dodging
 - Level 6.0 Unarmed Combat
 - Level 2.0 Spellcasting
 + Level 3.5 Transmutations


You had 8 spell levels left.
You knew the following spells:

 Your Spells              Type           Power        Failure   Level
a - Beastly Appendage     Tmut           24%          5%          1

Your spell library contained the following spells:

 Spells                   Type           Power        Failure   Level
 Wereblood                Tmut           12%          8%          2
 Spider Form              Tmut/Pois      3%           32%         3
 Ice Form                 Ice/Tmut       6%           71%         4
 Blade Hands              Tmut           6%           82%         5


Dungeon Overview and Level Annotations

Branches:
Dungeon (4/15)
 Temple: D:4-7


Innate Abilities, Weirdness & Mutations

You have an increased reservoir of magic. (+10% MP)


Message History

The worker ant closely misses you.
Your Transmutations skill increases to level 3!
You have reached level 6!
Your experience leads to a dramatic increase in your attributes!
Increase (S)trength, (I)ntelligence, or (D)exterity?
You feel stronger. x4
Casting: Beastly Appendage (safe; 5% risk of failure)
Confirm with . or Enter, or press ? or * to list all spells.
You grow a pair of large bovine horns.
Your feet morph into talons.
Your +0 pair of boots melds into your body.
The worker ant bites you. x2
You hit the worker ant.
You headbutt the worker ant, but do no damage.
The worker ant is moderately wounded.
The worker ant barely misses you.
You closely miss the worker ant. Your kick misses the worker ant.
You headbutt the worker ant.
The worker ant is heavily wounded.
The worker ant bites you.
You closely miss the worker ant.
The worker ant is heavily wounded.
The worker ant bites you.
You hit the worker ant.
The worker ant is severely wounded.
The worker ant closely misses you.
You completely miss the worker ant. Your punch misses the worker ant.
The worker ant is severely wounded.
The ogre completely misses you. The worker ant closely misses you.
You barely miss the worker ant.
You claw the worker ant, but do no damage.
You headbutt the worker ant.
You kill the worker ant!
The ogre hits you with a +0 giant club.
* * * LOW HITPOINT WARNING * * *
Your transformation is almost over.
You see here a giant cockroach corpse.
Your horns disappear.
Your talons disappear.
Your +0 pair of boots unmelds from your body.
The ogre hits you with a +0 giant club!
You die...

#..<....## #.........#
##...>..# ##........#
###....# ########.##
##...## ##..# ##....###
##.##.. #.......######
##.## .#
##.###........####.## #
###.####.........##.##
#######..<###...@O.....†.##
#.........##...##........##
.######.......###.........#
##.....## #...........#
###...# #..#........# ##..#
#..##....##.# ##.#
##..#...## #.# #..#
##...... #. ##.# ......#


You could see an ogre.

Vanquished Creatures
  Grinder (D:3)
  A phantom (D:4)
  A centaur skeleton (D:4)
  Jessica (D:3)
  A worker ant (D:4)
  3 adders
  An ooze (D:1)
  A worm (D:4)
  An orc (D:3)
  A ball python (D:2)
  4 bats
  5 giant cockroaches
  4 goblins
  5 hobgoblins
  A quokka (D:3)
  5 frilled lizards
  4 kobolds
  5 rats
45 creatures vanquished.

Notes
Turn   | Place    | Note
-------+----------+-------------------------------------------
     0 | D:1      | ReteAZ the Demigod Transmuter began the quest for the Orb.
     0 | D:1      | Reached XP level 1. HP: 15/15 MP: 5/5
   186 | D:1      | Reached skill level 3 in Unarmed Combat
   193 | D:1      | Reached XP level 2. HP: 15/22 MP: 4/7
   717 | D:1      | You fall into a shaft and drop 1 floor!
  1519 | D:2      | Reached XP level 3. HP: 18/27 MP: 8/8
  1634 | D:2      | Found a glowing silver altar of Zin.
  2250 | D:2      | Found a stormy altar of Qazlal.
  2276 | D:3      | Noticed Grinder
  2277 | D:3      | Paralysed by Grinder for 4 turns
  2286 | D:3      | Reached skill level 4 in Unarmed Combat
  2290 | D:3      | Killed Grinder
  2291 | D:3      | Reached skill level 5 in Unarmed Combat
  2291 | D:3      | Reached XP level 4. HP: 34/34 MP: 9/9
  2291 | D:3      | Reached XP level 5. HP: 39/39 MP: 10/10
  2408 | D:3      | Found a broken altar of Ashenzari.
  2477 | D:3      | Noticed Jessica
  2544 | D:3      | Found a snail-covered altar of Cheibriados.
  2548 | D:3      | Found a radiant altar of Vehumet.
  2589 | D:3      | Killed Jessica
  2590 | D:3      | Reached skill level 6 in Unarmed Combat
  2784 | D:3      | Noticed an ogre
  3147 | D:4      | Noticed an ogre
  3154 | D:4      | Reached XP level 6. HP: 28/46 MP: 11/11
  3185 | D:4      | Slain by an ogre

Illustrated notes

Levels and vault maps discovered:
D:1:      heliophobic_arrival_enchanted_forest, layout_loops_ring,
          minmay_tromino_v4_c
D:2:      layout_basic, nicolae_qazlal_eye_of_the_storm,
          nicolae_overflow_hidden_temple
D:3:      layout_basic, overflow_temple_1_default, grunt_temple_overflow_open,
          minmay_ogre_servants, uniq_jessica, uniq_grinder
D:4:      layout_layer_cave, kennysheep_mini_moat, kennysheep_generic_room_10

Skill      XL: |  1  2  3  4  5 |
---------------+----------------+-----
Spellcasting   | 2 |  2.0
Transmutations | 2 3 |  3.5
Unarmed Combat | 3 5 6 |  6.0
Fighting       | |  0.8
Dodging        | |  1.7

Action                   |  1- 3 |  4- 6 || total
-------------------------+-------+-------++-------
Melee: Unarmed           |    70 |    50 ||   120
       Kick              |    19 |    11 ||    30
       Headbutt          |     7 |    10 ||    17
       Punch             |     1 |     2 ||     3
Throw: Javelin           |       |     7 ||     7
 Cast: Beastly Appendage |    22 |    11 ||    33
  Use: Potion            |     2 |       ||     2
 Stab: Sleeping          |     2 |       ||     2
Armor: Robe              |    11 |     5 ||    16
       Skin              |     4 |       ||     4
Dodge: Dodged            |    35 |    28 ||    63

Table legend: (Time is in decaauts)
 A = Elapsed time spent in this place.
 B = Non-inter-level travel time spent in this place.
 C = Inter-level travel time spent in this place.
 D = Time resting spent in this place.
 E = Time spent auto-exploring this place.
 F = Levels seen in this place.
 G = Mean time per level.
                   A        B        C        D        E       F      G
               +--------+--------+--------+--------+--------+-----+--------+
         Total |   3178 |   3090 |     88 |    414 |   2253 |   4 |  794.5 |
       Dungeon |   3178 |   3090 |     88 |    414 |   2253 |   4 |  794.5 |
               +--------+--------+--------+--------+--------+-----+--------+

Top non-repeatable levels by time:
     D:2: 1308 daAuts
     D:1: 962 daAuts
     D:3: 557 daAuts
     D:4: 349 daAuts
